 Dungeon Crawl Stone Soup version 0.19-a0-262-g5df7875 (webtiles) character file.

317 oplop the Sneak (level 6, -10/28 HPs)
             Began as a Vine Stalker Enchanter on May 26, 2016.
             Killed by nerve-wracking pain
             ... invoked by Grinder
              (12 damage)
             ... on level 4 of the Dungeon.
             The game lasted 00:06:23 (2420 turns).

oplop the Sneak (Vine Stalker Enchanter)            Turns: 2420, Time: 00:06:23

Health: -10/28     AC:  7    Str:  9 (11) XL:     6   Next: 45%
Magic:  0/12       EV: 13    Int: 13 (15) God:
Gold:   204        SH:  0    Dex: 18 (19) Spells: 3 memorised, 5 levels left

rFire  . . .     SeeInvis .     a - +1 dagger
rCold  . . .     Gourm    .     b - +1 robe
rNeg   . . .     Faith    .     (no shield)
rPois  .         Spirit   +     (no helmet)
rElec  .         Dismiss  .     l - +0 cloak
rCorr  .         Reflect  .     s - +2 pair of gloves {Dex+3}
SustAt .         Harm     .     (no boots)
MR     +....                    (no amulet)
Stlth  +++.......               (no ring)
                                p - ring of protection from magic

@: very slightly contaminated, somewhat resistant to hostile enchantments,
fairly stealthy
A: fangs 2, regeneration 2, magic shield, antimagic bite, no device heal 3, rot
immunity
a: no special abilities


You were on level 4 of the Dungeon.
You were hungry.

You visited 1 branch of the dungeon, and saw 4 of its levels.

You collected 204 gold pieces.

Inventory:

Hand Weapons
 a - a +1 dagger (weapon)
Armour
 b - a +1 robe (worn)
 l - a +0 cloak (worn)
 s - a +2 pair of gloves of dexterity (worn)
Jewellery
 o - a +1 ring of evasion {unknown}
 p - a ring of protection from magic (left hand)
Scrolls
 e - 8 scrolls of remove curse {unknown}
 f - a scroll of magic mapping
 i - 2 scrolls of enchant armour
 k - a scroll of recharging
 m - 5 scrolls of identify
Potions
 h - 4 potions of degeneration
 j - a potion of agility {unknown}
 n - a potion of curing
Books
 c - a book of Maledictions

   Spells                             Type                      Level
   a - Corona                         Hexes                        1
   b - Ensorcelled Hibernation        Hexes/Ice                    2
   c - Confuse                        Hexes                        3
   d - Tukima's Dance                 Hexes                        3
   e - Dazzling Spray                 Conjuration/Hexes            3
Comestibles
 d - 4 bread rations
 g - a beef jerky
 t - 2 meat rations


   Skills:
 + Level 2.7 Short Blades
 + Level 2.7 Dodging
 + Level 5.2 Stealth
 + Level 3.4 Spellcasting
 + Level 4.0 Hexes


You had 5 spell levels left.
You knew the following spells:

 Your Spells              Type           Power        Failure   Level  Hunger
a - Corona                Hex            ##.....      6%          1    #......
b - Ensorcelled Hibernat  Hex/Ice        #.....       17%         2    ##.....
c - Confuse               Hex            ##......     14%         3    ###....


Dungeon Overview and Level Annotations

Branches:
Dungeon (4/15)
 Temple: D:4-7

Altars:

Shops:
D:4 [

Annotations:
D:3 Natasha
D:4 Grinder


Innate Abilities, Weirdness & Mutations

You have extremely sharp teeth.
You heal very quickly.
When hurt, damage is shared between your health and your magic reserves.
Your bite disrupts and absorbs the magic of your enemies.
Potions and wands cannot restore your health.
You are immune to rotting.


Message History

Grinder hits you.
You writhe in agony.
You hit Grinder but do no damage. Your bite misses Grinder. Grinder hits you!
You writhe in agony.
Casting: Confuse
Confirm with . or Enter, or press ? or * to list all spells.
Aiming: Confuse
Press: ? - help, Shift-Dir - straight line, f/p - Grinder
Aim: Grinder (chance to defeat MR: 43%)
You miscast Confuse.
You are very lightly contaminated with residual magic.
You feel off-balance for a moment. Grinder hits you.
* * * LOW HITPOINT WARNING * * *
You writhe in agony.
* * * LOW HITPOINT WARNING * * *
You are feeling hungry.
You hit Grinder.
Grinder is lightly wounded.
Grinder gestures at you. Pain shoots through your body!
You die...

........##........##.##.
........##........##.##.
.........#........##.##.
.......?.#........##.#<.
.........#........##.##.
.........#........##.##.
..##.....#.........#....
.. #.....#.........####.
#...@.#######...# #.
#...5.# #.######.
#.....# #......'.
#.....# #.######.
#.....# #.# #. #.....#
#.# #. ####### ### #. ##


You could see Grinder.

Vanquished Creatures
  The ghost of oplop the Sneak, a weakling VSEn (D:3)
  2 orc wizards
  An iguana (D:4)
  Terence (D:3)
  Natasha (twice) (D:3)
  4 adders
  2 oozes (D:1)
  A dart slug (D:1)
  2 giant geckos (D:1)
  3 orcs
  9 bats
  7 giant cockroaches
  8 goblins
  6 hobgoblins
  7 jackals
  12 kobolds
  A quokka (D:2)
  4 giant newts
  A jackal skeleton (D:4)
  8 rats
82 creatures vanquished.

Notes
Turn   | Place    | Note
--------------------------------------------------------------
     0 | D:1      | oplop the Vine Stalker Enchanter began the quest for the Orb.
     0 | D:1      | Reached XP level 1. HP: 9/9 MP: 4/4
     6 | D:1      | Reached skill level 1 in Short Blades
    59 | D:1      | Reached XP level 2. HP: 13/13 MP: 6/6
   244 | D:1      | Reached skill level 4 in Stealth
   244 | D:1      | Reached XP level 3. HP: 16/16 MP: 7/7
   802 | D:1      | Learned a level 2 spell: Ensorcelled Hibernation
   806 | D:1      | Learned a level 3 spell: Confuse
   906 | D:2      | Reached XP level 4. HP: 8/21 MP: 1/9
   990 | D:2      | Found a faded altar to an unknown god.
  1410 | D:3      | Noticed Terence
  1579 | D:3      | Reached XP level 5. HP: 19/24 MP: 3/10
  1594 | D:3      | Noticed oplop's ghost (weakling VSEn)
  1618 | D:3      | Killed oplop's ghost
  1648 | D:3      | Noticed Natasha
  1657 | D:3      | Killed Natasha
  1856 | D:3      | Killed Terence
  1856 | D:3      | Gained mutation: You heal very quickly. [Vine Stalker growth]
  1856 | D:3      | Reached XP level 6. HP: 28/28 MP: 10/12
  1942 | D:3      | Reached skill level 5 in Stealth
  1965 | D:3      | Noticed Natasha
  2008 | D:3      | Killed Natasha
  2096 | D:3      | Noticed Natasha
  2207 | D:4      | Found Zesuikhi's Armour Emporium.
  2402 | D:4      | Noticed Grinder
  2420 | D:4      | Killed from afar by Grinder

Vault maps used:
D:1:      dpeg_arrival_oval
D:2:      ecumenical_altar_2
D:3:      kennysheep_big_flooded_room, uniq_terence, uniq_natasha
D:4:      first_bread, serial_shops, shop, uniq_grinder

Skill      XL: |  1  2  3  4  5  6 |
---------------+-------------------+-----
Short Blades   | 1 2 |  2.7
Stealth        | 4 5 |  5.2
Dodging        | 2 |  2.7
Spellcasting   | 3 |  3.4
Hexes          | 4 |  4.0

Action                   |  1- 3 |  4- 6 || total
-------------------------+-------+-------++-------
Melee: Dagger            |   119 |   159 ||   278
       Bite              |    18 |    44 ||    62
 Cast: Ensorcelled Hiber |     1 |    10 ||    11
       Corona            |     1 |     1 ||     2
       Confuse           |       |    13 ||    13
  Use: Scroll            |       |     7 ||     7
       Potion            |       |     5 ||     5
 Stab: Sleeping          |     8 |    10 ||    18
       Distracted        |     1 |       ||     1
       Confused          |       |     4 ||     4
  Eat: Chunk             |       |     7 ||     7
Armor: Robe              |    31 |    46 ||    77
Dodge: Dodged            |    72 |   135 ||   207
